 Dungeon Crawl Stone Soup version 0.20.1-1-g8b1a95d (webtiles) character file.

105 pstr the Conjurer (level 5, -3/28 HPs)
             Began as a Kobold Conjurer on Nov 26, 2017.
             Killed by divine providence
             ... invoked by an orc priest
              (12 damage)
             ... on level 3 of the Dungeon.
             The game lasted 00:04:37 (2693 turns).

pstr the Conjurer (Kobold Conjurer)                 Turns: 2693, Time: 00:04:37

Health: -3/28      AC:  3    Str:  5    XL:     5   Next: 8%
Magic:  2/8        EV: 15    Int: 18    God:
Gold:   93         SH:  0    Dex: 15    Spells: 6/9 levels left

rFire    . . .     SeeInvis .   (weapon restricted)
rCold    . . .     Gourm    .   (shield restricted)
rNeg     . . .     Faith    .   a - +0 robe
rPois    .         Spirit   .   (no helmet)
rElec    .         Reflect  .   (no cloak)
rCorr    .         Harm     .   (no gloves)
MR       .....                  k - +0 pair of boots
Stlth    ++........             (no amulet)
Regen    0.1/turn               (no ring)
MPRegen  0.2/turn               (no ring)

@: no status effects
A: carnivore 3
a: no special abilities


You were on level 3 of the Dungeon.
You were not hungry.

You visited 1 branch of the dungeon, and saw 3 of its levels.

You collected 93 gold pieces.

Inventory:

Missiles
 e - 75 stones (quivered)
 o - 49 arrows
Armour
 a - a +0 robe (worn)
 k - a +0 pair of boots (worn)
 p - a +0 ring mail
Jewellery
 l - a +2 ring of protection {unknown}
Scrolls
 f - 2 scrolls of amnesia {unknown}
 g - a scroll of magic mapping {unknown}
 j - a scroll of enchant weapon {unknown}
 n - 2 scrolls of fear {unknown}
 q - a scroll of random uselessness {unknown}
 r - a scroll of recharging {unknown}
 s - 4 scrolls of identify {unknown}
 u - 2 scrolls of remove curse {unknown}
Potions
 d - a potion of haste {unknown}
 h - a potion of magic {unknown}
 m - a potion of resistance {unknown}
 t - 2 potions of might {unknown}
Books
 b - a book of Conjurations

   Spells                             Type                      Level
   a - Magic Dart                     Conjuration                  1
   b - Searing Ray                    Conjuration                  2
   c - Dazzling Spray                 Conjuration/Hexes            3
   d - Fulminant Prism                Conjuration/Hexes            4
   e - Force Lance                    Conjuration/Translocation    4
   f - Iskenderun's Mystic Blast      Conjuration                  4
Comestibles
 c - 2 meat rations
 i - a royal jelly


   Skills:
 + Level 2.6 Dodging
 + Level 3.5 Stealth
 + Level 2.6 Spellcasting
 + Level 5.4 Conjurations


You had 6 spell levels left.
You knew the following spells:

 Your Spells              Type           Power        Failure   Level  Hunger
a - Magic Dart            Conj           ###.         1%          1    #......
b - Searing Ray           Conj           ###...       2%          2    ##.....


Dungeon Overview and Level Annotations

Branches:
Dungeon (3/15)

Altars:
Qazlal


Innate Abilities, Weirdness & Mutations

You are small and have problems with some larger weapons.
You are carnivorous and can eat meat at any time.


Message History

The searing ray hits the orc wizard.
The orc wizard is lightly wounded.
The orc wizard hits you with a dagger.
An orc comes into view.
The searing ray hits the orc wizard.
The orc wizard is severely wounded.
The orc wizard closely misses you.
The searing ray hits the orc wizard.
You kill the orc wizard!
You have reached level 5!
You feel clever.
You finish channeling your searing ray.
The orc priest calls down the wrath of Beogh upon you.
Beogh smites you!
Ouch! That really hurt!
The orc hits you but does no damage. The orc closely misses you.
The orc priest mumbles some strange prayers to Beogh against you.
Beogh smites you!
You die...

.##. #. ... .#
#.. .# # #.. .#
#.# #.. .# #
....#..#.#S###$
#.....)o......
#..o..@o..#
#.#####o#.# ...
.### .# ##


You could see an orc priest, 3 orcs and a ball python.

Vanquished Creatures
  An orc wizard (D:3)
  2 adders (D:2)
  2 oozes
  2 dart slugs
  A leopard gecko (D:2)
  8 bats
  5 goblins
  9 hobgoblins
  A ball python (D:1)
  4 frilled lizards
  4 kobolds
  6 rats
45 creatures vanquished.

Notes
Turn   | Place    | Note
-------+----------+-------------------------------------------
     0 | D:1      | pstr the Kobold Conjurer began the quest for the Orb.
     0 | D:1      | Reached XP level 1. HP: 10/10 MP: 3/3
   318 | D:1      | Reached XP level 2. HP: 15/15 MP: 1/5
   322 | D:1      | Learned a level 2 spell: Searing Ray
   933 | D:1      | Reached XP level 3. HP: 15/19 MP: 0/6
  1725 | D:2      | Reached skill level 5 in Conjurations
  1725 | D:2      | Reached XP level 4. HP: 24/24 MP: 3/7
  1832 | D:2      | Found a stormy altar of Qazlal.
  2692 | D:3      | Reached XP level 5. HP: 25/28 MP: 3/8
  2693 | D:3      | Killed from afar by an orc priest

Skill      XL: |  1  2  3 |
---------------+----------+-----
Stealth        | 3 |  3.5
Conjurations   | 5 |  5.4
Dodging        | |  2.6
Spellcasting   | |  2.6

Action                   |  1- 3 |  4- 6 || total
-------------------------+-------+-------++-------
 Cast: Magic Dart        |    55 |    16 ||    71
       Searing Ray       |     4 |     9 ||    13
  Eat: Chunk             |     5 |     4 ||     9
Armor: Robe              |       |     1 ||     1
Dodge: Dodged            |     4 |     8 ||    12
